 Dungeon Sprint DCSS version 0.18-a0-1788-g92de1ac (webtiles) character file.

3071 Moloch the Executioner (level 9, -11/74 HPs)
             Began as a Deep Dwarf Fighter on Apr 19, 2016.
             Was the Champion of Makhleb.
             Killed from afar by a merfolk (30 damage)
             ... with a rod of inaccuracy
             ... in the Dungeon (Sprint V: "Ziggurat Sprint").
             The game lasted 00:02:55 (221 turns).

Moloch the Executioner (Deep Dwarf Fighter)          Turns: 221, Time: 00:02:56

Health: -11/74     AC: 23    Str: 35    XL:     9   Next: 58%
Magic:  9/9        EV: -1    Int:  9    God:    Makhleb [******]
Gold:   0          SH: 29    Dex: 12    Spells: 0 memorised, 8 levels left

rFire  + . .     SeeInvis +     L - +14 obsidian axe {chop, +Fly Str+3 SInv *Curse} (curse)
rCold  + . .     Gourm    .     y - +5 gold dragon armour
rNeg   + + .     Faith    .     M - +18 shield of the gong {rElec rN+ MR+ EV-5}
rPois  +         Spirit   .     (no helmet)
rElec  +         Dismiss  .     O - +2 cloak {MR+}
rCorr  .         Reflect  .     a - +0 pair of gloves {Str+3}
SustAt .         Harm     .     (no boots)
MR     +++..     NoTele   +     (no amulet)
Stlth  ..........               b - ring of Shadows {Umbra +Inv rN+ SInv}
                                J - +6 ring of strength

@: mesmerised, non-regenerating, wreathed by umbra, extremely resistant to
hostile enchantments, extremely unstealthy
A: damage resistance, recharge devices, sense surroundings 2, slow regeneration
3
a: Device Recharging, Minor Destruction, Lesser Servant of Makhleb, Major
Destruction, Greater Servant of Makhleb, Renounce Religion, Evoke Invisibility,
Evoke Flight


You were in the Dungeon.
You worshipped Makhleb.
Makhleb was exalted by your worship.
You were not hungry.

You visited 1 branch

Inventory:

Hand Weapons
 L - the cursed +14 obsidian axe (weapon) {chop, +Fly Str+3 SInv *Curse}
   (You found it in the Dungeon)

   It inflicts extra damage upon your enemies.
   It affects your strength (+3).
   It lets you see invisible.
   It lets you fly.
   It may re-curse itself when equipped.
   It has a curse placed upon it.
Armour
 a - a +0 pair of gloves of strength (worn)
 y - a +5 gold dragon armour (worn)
 M - the +18 shield of the gong (worn) {rElec rN+ MR+ EV-5}
   (You found it in the Dungeon)

   It affects your evasion (-5).
   It insulates you from electricity.
   It protects you from negative energy.
   It affects your resistance to hostile enchantments.
 O - a +2 cloak of magic resistance (worn)
Jewellery
 b - the ring of Shadows (right hand) {Umbra +Inv rN+ SInv}
   (You found it in the Dungeon)

   [ring of positive energy]

   It protects you from negative energy.
   It lets you see invisible.
   It lets you turn invisible.
 F - a +6 ring of dexterity
 G - a +6 ring of dexterity
 J - a +6 ring of strength (left hand)
Wands
 e - a wand of heal wounds (5/9)
 B - a wand of disintegration (7/24)
 C - a wand of iceblast (5/15)
 D - a wand of lightning (5/15)
 E - a wand of acid (5/15)
Scrolls
 l - 4 scrolls of blinking
 r - 4 scrolls of amnesia
 s - 3 scrolls of recharging
 t - 7 scrolls of fog
 u - a scroll of holy word
 v - 5 scrolls of identify
 w - 5 scrolls of remove curse
 x - 2 scrolls of fear
Potions
 d - 6 potions of might
 g - 10 potions of curing
 h - 10 potions of heal wounds
 i - 6 potions of haste
 j - 7 potions of magic
 k - 3 potions of berserk rage
 m - 2 potions of brilliance
 n - 2 potions of invisibility
 o - 4 potions of resistance
 p - a potion of experience
 q - 5 potions of agility
Comestibles
 f - 5 bread rations
 z - 42 fruits
 A - 4 meat rations
 N - 12 chunks of flesh


   Skills:
 - Level 2.6 Fighting
 + Level 21.7 Axes
 - Level 3.2 Armour
 - Level 3.2 Shields


You had 8 spell levels left.
You didn't know any spells.

Dungeon Overview and Level Annotations

Branches:
Dungeon (1/1)

Altars:
Ashenzari
Cheibriados
Dithmenos
Elyvilon
Fedhas
Gozag
Kikubaaqudgha
Makhleb
Nemelex Xobeh
Okawaru
Pakellas
Qazlal
Ru
Sif Muna
Trog
Vehumet
Xom
Yredelemnul
Zin
The Shining One
Beogh
Jiyva
Lugonu


Innate Abilities, Weirdness & Mutations

You are resistant to damage.
You can recharge devices by infusing magical energy.
You passively map the area around you.
You do not regenerate naturally.


Message History

You kill the hippogriff!
Makhleb accepts your kill.
You feel better.
You slash the merfolk!
The merfolk is lightly wounded.
You barely miss the merfolk. You closely miss the merfolk.
Visions of slaying the merfolk flood into your mind.
The merfolk zaps a rod.
The narrow beam of energy hits you!
* * * LOW HITPOINT WARNING * * *
You block the merfolk's attack.
GONNNNG!
The merfolk hits you but does no damage.
You are too injured to fight recklessly!
Unknown command.
You slice the merfolk!!
The merfolk is heavily wounded.
Your shield and gold dragon armour prevent you from hitting the merfolk.
You hit the merfolk but do no damage. Your hellwing hits the merfolk.
Your hellwing hits the merfolk!
The merfolk zaps a rod.
The narrow beam of energy hits you!
You die...

** *
▓.▓..†..▓.▓.▓...▓.▓ ,,
▓.........▓.......▓ ,
, ▓▓▓▓▓▓▓▓▓▓▓▓▓▓▓▓▓▓▓
, , ,
▓...8©8...▓..8©8..▓ ,
▓..[|:|)..▓..}3)..▓ ,
, ,,,
▓....):...▓..|3...▓
▓.........▓.......▓ ,
,,,▓...m.m...▓.......▓
,, ▓..|†@....▓...)|..▓
,, ▓..†4m....▓...)...▓
, , ,
▓.▓.....▓.▓.......▓ ,,
▓....(....▓.......▓ *
* ▓▓▓▓▓▓▓▓▓▓▓▓▓▓▓▓▓▓▓
8 , , © , , 8© * , ,
,, , , ,, * , , * , ,
,, , , , ,


You could see 3 merfolk and a friendly hellwing.

Vanquished Creatures
  A wolf spider (D)
  A jumping spider (D)
  A spriggan (D)
  3 tarantellas (D)
  2 hippogriffs (D)
  A water moccasin (D)
  A porcupine (D)
  2 black bears (D)
  A wasp (D)
  2 wolves (D)
  A centaur (D)
  A giant frog (D)
  6 scorpions (D)
  2 wights (D)
  An orc wizard (D)
  An iguana (D)
  2 sheep (D)
  3 adders (D)
  2 adder skeletons (D)
  An adder zombie (D)
  An orc (D)
  A ball python (D)
  A jackal (D)
  A jackal skeleton (D)
39 creatures vanquished.

Vanquished Creatures (collateral kills)
  2 spriggans (D)
  2 orc wizards (D)
4 creatures vanquished.

Grand Total: 43 creatures vanquished

Notes
Turn   | Place    | Note
--------------------------------------------------------------
     0 | D        | Moloch the Deep Dwarf Fighter began the quest for the Orb.
     0 | D        | Reached XP level 1. HP: 20/20 MP: 1/1
     0 | D        | Found a roughly hewn altar of Beogh.
     0 | D        | Found a viscous altar of Jiyva.
     0 | D        | Found a corrupted altar of Lugonu.
     0 | D        | Found a white marble altar of Elyvilon.
     0 | D        | Found a sparkling altar of Nemelex Xobeh.
     0 | D        | Found a burning altar of Makhleb.
     0 | D        | Found an iron altar of Okawaru.
     0 | D        | Found a deep blue altar of Sif Muna.
     0 | D        | Found a radiant altar of Vehumet.
     0 | D        | Found a bloodstained altar of Trog.
     0 | D        | Found a shimmering altar of Xom.
    51 | D        | Became a worshipper of Makhleb the Destroyer
    54 | D        | Entered arena 1.
    56 | D        | Reached skill level 5 in Axes
    56 | D        | Reached XP level 2. HP: 27/27 MP: 2/2
    56 | D        | Reached * piety under Makhleb
    65 | D        | Entered arena 2.
    65 | D        | Noticed a water moccasin
    67 | D        | Killed a water moccasin
    67 | D        | Reached skill level 10 in Axes
    67 | D        | Reached XP level 3. HP: 33/33 MP: 3/3
    67 | D        | Reached XP level 4. HP: 40/40 MP: 4/4
    69 | D        | Reached ** piety under Makhleb
    87 | D        | Entered arena 3.
    87 | D        | Noticed a tarantella
    91 | D        | Reached skill level 12 in Axes
    91 | D        | Reached XP level 5. HP: 46/46 MP: 5/5
    91 | D        | Reached *** piety under Makhleb
    91 | D        | Reached skill level 13 in Axes
    91 | D        | Reached XP level 6. HP: 55/55 MP: 6/6
    95 | D        | Killed a tarantella
    95 | D        | Reached skill level 15 in Axes
   101 | D        | Got the ring of Siquqa {rPois rF- rC- rN+++ SInv}
   104 | D        | Identified Sif Muna's Collected Works on Doomed Calling (You found it in the Dungeon)
   105 | D        | Entered arena 4.
   109 | D        | Reached **** piety under Makhleb
   121 | D        | Entered arena 5.
   121 | D        | Noticed a porcupine
   125 | D        | Reached ***** piety under Makhleb
   125 | D        | Reached XP level 7. HP: 54/61 MP: 7/7
   126 | D        | Reached skill level 16 in Axes
   139 | D        | Entered arena 6.
   143 | D        | Reached skill level 17 in Axes
   146 | D        | Reached ****** piety under Makhleb
   159 | D        | Entered arena 7.
   159 | D        | Noticed a spriggan
   159 | D        | Noticed a spriggan rider
   159 | D        | Noticed a spriggan
   161 | D        | Killed a spriggan
   161 | D        | Reached XP level 8. HP: 68/68 MP: 8/8
   163 | D        | Reached skill level 18 in Axes
   165 | D        | Reached skill level 19 in Axes
   188 | D        | Entered arena 8.
   188 | D        | Noticed a jumping spider
   188 | D        | Noticed a wolf spider
   196 | D        | Killed a wolf spider
   196 | D        | Reached skill level 20 in Axes
   196 | D        | Gained mutation: You passively map the area around you. [Deep Dwarf growth]
   196 | D        | Reached XP level 9. HP: 74/74 MP: 9/9
   201 | D        | Killed a jumping spider
   201 | D        | Reached skill level 21 in Axes
   212 | D        | Entered arena 9.
   212 | D        | Noticed a merfolk
   212 | D        | Noticed a merfolk
   212 | D        | Noticed a merfolk
   219 | D        | Identified a +4 rod of inaccuracy (8/11)
   221 | D        | Killed from afar by a merfolk

Vault maps used:
D:        sprint_v

Skill      XL: |  1  2  3  4  5  6  7  8  9 |
---------------+----------------------------+-----
Axes           | 5 10 12 13 15 17 20 21 | 21.7
Fighting       | |  2.6
Armour         | |  3.2
Shields        | |  3.2

Action                   |  1- 3 |  4- 6 |  7- 9 || total
-------------------------+-------+-------+-------++-------
Melee: Broad axe         |     3 |    16 |    27 ||    46
Armor: Gold dragon armou |       |     5 |    18 ||    23
Dodge: Dodged            |       |     1 |     1 ||     2
Block: Shield            |     4 |    18 |    53 ||    75
